 Dungeon Crawl Stone Soup version 0.24-a0-275-g6f7e2cb (webtiles) character file.

Game seed: 11655075805885937557

482 Inarius the Chopper (level 6, -2/61 HPs)
             Began as a Troll Fighter on Apr 28, 2019.
             Slain by a two-headed ogre
             ... wielding a +0 giant club
              (11 damage)
             ... on level 4 of the Dungeon.
             The game lasted 00:06:08 (3043 turns).

Inarius the Chopper (Troll Fighter)                 Turns: 3043, Time: 00:06:08

Health: -2/61      AC:  7    Str: 27    XL:     6   Next: 87%
Magic:  5/5        EV:  9    Int:  4    God:
Gold:   233        SH:  9    Dex:  9    Spells: 5/5 levels left

rFire    . . .     SeeInvis .   h - +1 hand axe (flame)
rCold    . . .     Gourm    +   c - +0 shield
rNeg     . . .     Faith    .   p - +0 animal skin
rPois    .         Spirit   .   (helmet restricted)
rElec    .         Reflect  .   b - +0 cloak
rCorr    .         Harm     .   (gloves unavailable)
MR       .....                  (boots unavailable)
Stlth    +++.......             (no amulet)
HPRegen  0.60/turn              k - ring of stealth
MPRegen  0.09/turn              o - ring of stealth

@: no status effects
A: large, unfitting armour, claws 3, fast metabolism 3, gourmand, regeneration
1, shaggy fur 1, tough skin 3
a: no special abilities


You were on level 4 of the Dungeon.
You were very full.

You visited 2 branches of the dungeon, and saw 5 of its levels.

You collected 233 gold pieces.

Inventory:

Hand Weapons
 a - a +0 war axe
 h - a +1 hand axe of flaming (weapon)
Armour
 b - a +0 cloak (worn)
 c - a +0 shield (worn)
 p - a +0 animal skin (worn)
Jewellery
 k - a ring of stealth (left claw)
 o - a ring of stealth (right claw)
Scrolls
 e - 6 scrolls of identify {unknown}
 i - 2 scrolls of noise {unknown}
 j - 2 scrolls of magic mapping {unknown}
 l - a scroll of fear {unknown}
 m - a scroll of remove curse {unknown}
Potions
 d - 2 potions of might
 n - 3 potions of degeneration {unknown}
 q - a potion of curing {unknown}
 r - a potion of cancellation {unknown}
Comestibles
 f - 11 rations


   Skills:
 + Level 3.1 Fighting
 * Level 4.7 Axes
 + Level 3.6 Dodging
 + Level 3.2 Shields


You had 5 spell levels left.
You didn't know any spells.
Your spell library contained the following spells:

 Spells                   Type           Power        Failure   Level  Hunger
 Magic Dart               Conj           #...         89%         1    ##.....
 Blink                    Tloc           N/A          96%         2    ###....
 Call Imp                 Summ           #.......     96%         2    ###....
 Searing Ray              Conj           #.....       96%         2    ###....
 Slow                     Hex            #.......     96%         2    ###....
 Conjure Flame            Conj/Fire      #.......     99%         3    ####...
 Dazzling Spray           Conj/Hex       #.....       99%         3    ####...
 Mephitic Cloud           Conj/Pois/Air  #.......     99%         3    ####...
 Force Lance              Conj/Tloc      #.......     100%        4    #####..
 Fulminant Prism          Conj/Hex       #.........   100%        4    #####..
 Iskenderun's Mystic Bla  Conj           #.......     100%        4    #####..


Dungeon Overview and Level Annotations

Branches:
Dungeon (4/15)             Temple (1/1) D:4

Altars:
Ashenzari
Elyvilon
Fedhas
Kikubaaqudgha
Makhleb
Nemelex Xobeh
Qazlal
Ru
Sif Muna
Trog
Uskayaw
Vehumet
Wu Jian
Yredelemnul
Zin
The Shining One


Innate Abilities, Weirdness & Mutations

You are too large for most types of armour.
You have claws for hands.
Your metabolism is lightning-fast.
You like to eat raw meat.
Your natural rate of healing is unusually fast.
You are covered in fur. (AC +1)
You have extremely tough skin. (AC +3)


Message History

* * * LOW HITPOINT WARNING * * *
Found a centaur barding.
Press: ? - help, v - describe, . - travel
Here: a two-headed ogre, wielding a +0 giant club and a +0 dire flail (severely wounded)
The floor.
Your shield prevents you from hitting the two-headed ogre.
The two-headed ogre is severely wounded.
The two-headed ogre hits you with a +0 giant club.
* * * LOW HITPOINT WARNING * * *
You block the two-headed ogre's attack.
You slash the two-headed ogre! You burn the two-headed ogre.
The two-headed ogre is severely wounded.
You block the two-headed ogre's attack.
The two-headed ogre hits you but does no damage.
You slash the two-headed ogre! You burn the two-headed ogre.
The two-headed ogre is almost dead.
The two-headed ogre hits you with a +0 giant club.
* * * LOW HITPOINT WARNING * * *
The two-headed ogre hits you with a +0 dire flail!
You die...

#. ##+## #.# ##..<##
#.###### # ##.....##
#.##...# #.#.......##
#.#....###
#......@)..###........#
.......O...+..........#
..........)###........#
###..[..............###
##........⌠....≈..#
##...#.#....≈≈≈≈.#
##+##.##..≈≈≈≈..####
#.##.##...≈≈≈.....#
#.#..#..≈≈≈≈≈..##.#


You could see a two-headed ogre.

Vanquished Creatures
  Edmund (D:4)
  A scorpion (D:4)
  Crazy Yiuf (D:3)
  A bullfrog skeleton (D:3)
  An orc priest (D:3)
  8 gnolls
  6 adders
  2 worms (D:2)
  3 dart slugs
  3 leopard geckos
  7 orcs (D:3)
  7 giant cockroaches
  4 goblins
  10 hobgoblins
  8 jackals
  11 kobolds
  2 quokkas (D:2)
  A bat (D:2)
  2 frilled lizards
  A jackal skeleton (D:4)
  6 rats
  A toadstool (D:1)
87 creatures vanquished.

Vanquished Creatures (others)
  3 toadstools (D:1)
3 creatures vanquished.

Grand Total: 90 creatures vanquished

Notes
Turn   | Place    | Note
-------+----------+-------------------------------------------
     0 | D:1      | Inarius the Troll Fighter began the quest for the Orb.
     0 | D:1      | Reached XP level 1. HP: 22/22 MP: 0/0
   116 | D:1      | Reached XP level 2. HP: 24/29 MP: 1/1
   266 | D:1      | Reached XP level 3. HP: 19/36 MP: 2/2
   330 | D:1      | Reached skill level 2 in Axes
   695 | D:2      | Reached XP level 4. HP: 39/44 MP: 3/3
   942 | D:2      | Found a glowing golden altar of the Shining One.
   958 | D:2      | Found a bloodstained altar of Trog.
   958 | D:2      | Found a radiant altar of Vehumet.
   977 | D:2      | Found a sacrificial altar of Ru.
  1063 | D:2      | Found a white marble altar of Elyvilon.
  1184 | D:2      | Found a bloodstained altar of Trog.
  1341 | D:3      | Reached skill level 3 in Axes
  1451 | D:3      | Reached XP level 5. HP: 46/52 MP: 4/4
  1549 | D:3      | Found a runed translucent door.
  1550 | D:3      | Noticed Crazy Yiuf
  1717 | D:3      | Killed Crazy Yiuf
  1781 | D:3      | Found a blossoming altar of Fedhas.
  2005 | D:3      | Reached XP level 6. HP: 43/59 MP: 5/5
  2539 | D:4      | Reached skill level 4 in Axes
  2631 | D:4      | Found an ancient bone altar of Kikubaaqudgha.
  2680 | D:4      | Noticed Edmund
  2695 | D:4      | HP: 1/61 [Edmund/+6 flail of holy wrath (7)]
  2696 | D:4      | Killed Edmund
  2775 | D:4      | Found a staircase to the Ecumenical Temple.
  2781 | Temple   | Entered the Ecumenical Temple
  3013 | D:4      | Noticed a two-headed ogre
  3043 | D:4      | Slain by a two-headed ogre

Levels and vault maps discovered:
D:1:      minmay_arrival_doors, layout_rooms, minmay_strange_pillars,
          minmay_gold_behind_fungi
D:2:      layout_loops_ring, lemuel_crystal_altar, minitemple, first_ration,
          trog_hazing_becter
D:3:      layout_basic, fedhas_altar_1, uniq_crazy_yiuf_cottage
D:4:      layout_loops_corners, kennysheep_okawaru_gauntlet,
          kiku_gazebo_pond_becter, minmay_temple_entry_wispy, uniq_edmund
Temple:   compressed_dpeg_triangle_lava_temple

Skill      XL: |  1  2  3  4  5  6 |
---------------+-------------------+-----
Dodging        | 3 |  3.6
Axes           | 2 3 4 |  4.7
Shields        | 3 |  3.2
Fighting       | 3 |  3.1

Action                   |  1- 3 |  4- 6 || total
-------------------------+-------+-------++-------
Melee: War axe           |    69 |       ||    69
       Hand axe          |    48 |   144 ||   192
  Use: Potion            |       |     1 ||     1
 Stab: Sleeping          |     2 |     6 ||     8
  Eat: Chunk             |    12 |    20 ||    32
Armor: Robe              |    41 |    18 ||    59
       Animal skin       |       |    24 ||    24
Dodge: Dodged            |    42 |    54 ||    96
Block: Shield            |    63 |    66 ||   129

Table legend:
 A = Non-vault XP
 B = Vault XP
 C = Vault XP percentage of total XP
 D = Non-vault monster count
 E = Vault monster count
 F = Vault count percentage of total count
                 A         B        C        D         E       F
            +---------+---------+-------+---------+---------+-------
      Total |     474 |     215 |  31.2 |      78 |       8 |   9.3
            +---------+---------+-------+---------+---------+-------
        D:1 |      59 |       0 |   0.0 |      23 |       0 |   0.0
        D:2 |     108 |      10 |   8.5 |      26 |       6 |  18.8
        D:3 |     188 |      41 |  17.9 |      23 |       1 |   4.2
        D:4 |     119 |     164 |  58.0 |       6 |       1 |  14.3
            +---------+---------+-------+---------+---------+-------
